 Dungeon Crawl Stone Soup version 0.21.3-3-g218456f21e (webtiles) character file.

10 CurlyBrace the Ducker (level 2, 0/11 HPs)
             Began as a Felid Earth Elementalist on Feb 23, 2021.
             Slain by a giant cockroach (2 damage)
             ... on level 1 of the Dungeon on Mar 8, 2021.
             The game lasted 00:04:32 (228 turns).

CurlyBrace the Ducker (Felid Earth Elementalist)     Turns: 228, Time: 00:04:33

Health: 0/11       AC:  1    Str:  4    XL:     2   Next: 10%
Magic:  0/6        EV: 18    Int: 16    God:
Gold:   53         SH:  0    Dex: 16    Spells: 4/5 levels left
                                        Lives:  0   Deaths: 0

rFire    . . .     SeeInvis +   (weapon unavailable)
rCold    . . .     Gourm    .   (shield unavailable)
rNeg     . . .     Faith    .   (armour unavailable)
rPois    .         Spirit   .   (helmet unavailable)
rElec    .         Reflect  .   (cloak unavailable)
rCorr    .         Harm     .   (gloves unavailable)
MR       .....                  (boots unavailable)
Stlth    +++.......             a - amulet of inaccuracy (curse)
HPRegen  0.03/turn              (no ring)
MPRegen  0.10/turn              (no ring)

@: quick
A: very small, no armour, no weapons or thrown items, stealth, claws 1, fangs 3,
see invisible, carnivore, speed 1, shaggy fur 1, slow metabolism 1, sharp paws
a: no special abilities


You were on level 1 of the Dungeon.
You were full.

You visited 1 branch of the dungeon, and saw 2 of its levels.

You collected 53 gold pieces.

Inventory:

Missiles
 b - 62 stones
Jewellery
 a - a cursed amulet of inaccuracy (around neck)
   (You found it on level 2 of the Dungeon)
Books
 d - a book of Geomancy

   Spells                             Type                      Level
   a - Sandblast                      Earth                        1
   b - Passwall                       Transmutation/Earth          2
   c - Stone Arrow                    Conjuration/Earth            3
   d - Petrify                        Transmutation/Earth          4
   e - Lee's Rapid Deconstruction     Earth                        5
Comestibles
 e - a ration


   Skills:
 + Level 0.1 Fighting
 - Level 3.1 Dodging
 - Level 3.0 Stealth
 + Level 0.1 Unarmed Combat
 - Level 2.0 Spellcasting
   Level 1.1 Transmutations
 - Level 3.0 Earth Magic


You had 4 spell levels left.
You knew the following spells:

 Your Spells              Type           Power        Failure   Level  Hunger
a - Sandblast             Erth           ##....       6%          1    #......


Dungeon Overview and Level Annotations

Branches:
Dungeon (2/15)

Altars:
Nemelex Xobeh


Innate Abilities, Weirdness & Mutations

You cannot wear armour.
You are incapable of wielding weapons or throwing items.
Your paws allow you to move quietly. (Stealth)
You have sharp claws.
You have razor-sharp teeth.
You have supernaturally acute eyesight. (SInv)
You are carnivorous and can eat meat at any time.
You cover ground quickly.
You are covered in fur. (AC +1)
You have a slow metabolism.
Your sharp claws are effective at attacking unaware monsters.


Message History

Unknown command.
You barely miss the hobgoblin.
The hobgoblin is heavily wounded.
The giant cockroach closely misses you. The hobgoblin barely misses you.
The giant cockroach closely misses you.
Unknown command.
You scratch the hobgoblin but do no damage.
The hobgoblin is heavily wounded.
The giant cockroach misses you. The hobgoblin completely misses you.
Unknown command.
You closely miss the hobgoblin.
The hobgoblin is heavily wounded.
The giant cockroach closely misses you. The hobgoblin hits you.
* * * LOW HITPOINT WARNING * * *
Unknown command.
You closely miss the hobgoblin.
You bite the hobgoblin, but do no damage.
The hobgoblin is heavily wounded.
The giant cockroach bites you.
You die...

. .. ...
....
.....
###......
#@gs.!...
#s#......
#.. .....
#.#. ....
..### ###
###


You could see 2 giant cockroaches and a hobgoblin.

Vanquished Creatures
  A leopard gecko (D:1)
  A giant cockroach (D:2)
  2 hobgoblins
  A bat (D:1)
  A frilled lizard (D:2)
  2 goblins
  A rat (D:1)
9 creatures vanquished.

Notes
Turn   | Place    | Note
-------+----------+-------------------------------------------
     0 | D:1      | CurlyBrace the Felid Earth Elementalist began the quest for the Orb.
     0 | D:1      | Reached XP level 1. HP: 7/7 MP: 4/4
   121 | D:2      | Found a sparkling altar of Nemelex Xobeh.
   179 | D:2      | Reached XP level 2. HP: 11/11 MP: 4/6
   228 | D:1      | Slain by a giant cockroach

Skill      XL: |  1 |
---------------+----+-----
Stealth        | 3 |  3.0
Earth Magic    | 3 |  3.0
Dodging        | 3 |  3.1
Fighting       | |  0.1
Unarmed Combat | |  0.1
Spellcasting   | |  2.0
Transmutations | |  1.1

Action                   || total
-------------------------++-------
Melee: Unarmed           ||    31
       Bite              ||     2
 Cast: Sandblast         ||    14
 Stab: Sleeping          ||     2
  Eat: Chunk             ||     2
Armor: Skin              ||     1
Dodge: Dodged            ||    40
